 Dungeon Crawl Stone Soup version 0.29-a0-330-g52719c12eb (webtiles) character file.

Game seed: 5529013700061933800

1696 kae the Firebug (level 8, -11/57 HPs)
             Began as a Demigod Fire Elementalist on Apr 23, 2022.
             Engulfed by a cloud of flame (13 damage)
             ... on level 7 of the Dungeon.
             The game lasted 00:05:22 (8349 turns).

kae the Firebug (Demigod Fire Elementalist)         Turns: 8349, Time: 00:05:23

Health: -11/57     AC:  6    Str:  9    XL:     8   Next: 44%
Magic:  7/21       EV: 27    Int: 25    God:
Gold:   282        SH:  6    Dex: 16    Spells: 5/18 levels left

rFire   . . .      SeeInvis .   e - +1 short sword (elec)
rCold   . . .      Faith    .   s - +2 buckler {reflect}
rNeg    + . .      Spirit   .   a - +1 robe
rPois   .          Reflect  +   (no helmet)
rElec   .          Harm     .   c - +2 cloak
rCorr   .          Rampage  .   (no gloves)
Will    .....                   (no boots)
Stlth   +++.......              n - amulet of the acrobat
HPRegen 0.19/turn               g - ring of positive energy
MPRegen 0.17/turn               (no ring)

@: acrobatic
A: high MP 2, forlorn, divine attributes, thin skeletal structure 1
a: no special abilities


You were on level 7 of the Dungeon.
You visited 1 branch of the dungeon, and saw 7 of its levels.

You collected 282 gold pieces.

Inventory:

Hand Weapons
 e - a +1 short sword of electrocution (weapon)
Missiles
 y - 2 throwing nets
Armour
 a - a +1 robe (worn)
 c - a +2 cloak (worn)
 h - a scarf of repulsion
 s - a +2 buckler of reflection (worn)
Jewellery
 g - a ring of positive energy (left hand)
 n - an amulet of the acrobat (around neck)
Wands
 d - a wand of acid (12)
 p - a wand of digging (6)
 u - a wand of paralysis (7)
 A - a wand of polymorph (14)
Scrolls
 f - 4 scrolls of teleportation
 i - 3 scrolls of vulnerability
 k - 2 scrolls of brand weapon
 l - a scroll of holy word
 q - a scroll of enchant weapon
 x - a scroll of magic mapping
Potions
 b - a potion of magic
 j - 3 potions of resistance
 m - a potion of cancellation
 o - a potion of attraction
 r - 4 potions of curing
 t - 2 potions of brilliance
 v - a potion of haste
 w - a potion of flight {unknown}
 z - a potion of degeneration {unknown}
 B - 2 potions of lignification {unknown}


   Skills:
 - Level 1.7 Dodging
 - Level 1.7 Stealth
 - Level 2.0 Shields
 + Level 5.5 Spellcasting
 + Level 5.7 Conjurations
 + Level 6.3 Fire Magic


You had 5 spell levels left.
You knew the following spells:

 Your Spells              Type           Power      Damage    Failure   Level
a - Foxfire               Conj/Fire      100%       2x1d9     1%          1
b - Scorch                Fire           76%        2d9       1%          2
c - Conjure Flame         Conj/Fire      37%        6-21      2%          3
d - Inner Flame           Hex/Fire       22%        N/A       9%          3
e - Flame Wave            Conj/Fire      37%        2d9       9%          4

Your spell library contained the following spells:

 Spells                   Type           Power      Damage    Failure   Level
 Slow                     Hex            24%        N/A       11%         1
 Corpse Rot               Necr/Air       12%        N/A       16%         2
 Poisonous Vapours        Pois/Air       12%        N/A       16%         2
 Confusing Touch          Hex            6%         N/A       30%         3
 Vampiric Draining        Necr           6%         2d6       30%         3


Dungeon Overview and Level Annotations

Branches:
Dungeon (7/15)
 Temple: D:4-7

Shops:
D:5 =   D:6 [

Annotations:
D:3 exclusion: water moccasin, Terence
D:6 1 runed translucent door, Crazy Yiuf


Innate Abilities, Weirdness & Mutations

You have a considerably increased reservoir of magic. (+20% MP)
You shall have no god before yourself.
Your divine heritage dramatically boosts your attributes as you level up.
You have a somewhat thin skeletal structure. (Dex +2, Stealth+)


Message History

You kill the orc wizard!
The flame wave engulfs the orc warrior!
The orc warrior is heavily wounded.
The flame wave engulfs the orc warrior!
The orc warrior is moderately wounded.
The flame wave engulfs the orc!
You kill the orc!
The flame wave engulfs the orc wizard.
Flame seeps out of the orc wizard.
The orc wizard is lightly wounded.
The orc priest invokes the aid of Beogh against you.
Beogh smites you!
The orc wizard is engulfed in blazing flames.
Flame seeps out of the orc wizard.
The orc warrior barely misses you.
The orc wizard casts a spell.
The orc wizard flickers and vanishes!
Deactivating autopickup; reactivate with Ctrl-A.
A wave of flame ripples out!
The flame wave engulfs the orc wizard!
The flame wave engulfs the orc warrior.
The orc warrior is heavily wounded.
The flame wave engulfs the orc wizard!
Flame seeps out of the orc wizard.
The orc wizard is almost dead.
The flame wave engulfs the orc warrior.
The orc warrior is heavily wounded.
The flame wave engulfs something!
The flame wave engulfs the orc priest!
The orc priest is heavily wounded.
You finish channelling waves of flame.
The orc wizard explodes!
The fiery explosion engulfs the orc wizard!
The fiery explosion engulfs the orc warrior!!!
You kill the orc warrior!
The fiery explosion engulfs the orc warrior!!!
You kill the orc warrior!
The fiery explosion engulfs you!!!
Ouch! That really hurt!
* * * LOW HITPOINT WARNING * * *
The orc wizard explodes!
The fiery explosion engulfs something!!
Reactivating autopickup.
You feel a bit more experienced.
You are engulfed in blazing flames.
You die...

#...............).####...
##...............)....##
...
#........§§o...........#
.
##..#...§○§○.)........##
#...#....#§§##.....####
##..#....##@###....#
##...##.#### #...##
#........# ##.##
###..#..## ### #..##.#
#######


You could see an orc priest.

Vanquished Creatures
  Prince Ribbit (D:7)
  2 orc warriors (D:7)
  A black bear (D:6)
  3 ice beasts
  An ogre (D:5)
  A centaur (D:7)
  2 phantoms
  A kobold brigand (D:7)
  A necrophage (D:5)
  4 scorpions
  A hound (D:6)
  2 orc priests
  A gnoll shaman (D:5)
  Jessica (D:3)
  3 iguanas
  5 orc wizards (D:7)
  Ijyb (D:2)
  7 adders
  3 gnolls (D:5)
  5 worms
  3 dart slugs
  5 orcs
  5 ball pythons
  4 endoplasms
  2 giant cockroaches (D:3)
  15 goblins
  2 hobgoblins
  2 jackals (D:4)
  6 quokkas
  2 bats
  5 frilled lizards
  8 kobolds
  8 rats
113 creatures vanquished.

Vanquished Creatures (others)
  416 foxfires
416 creatures vanquished.

Grand Total: 529 creatures vanquished

Notes
Turn   | Place    | Note
-------+----------+-------------------------------------------
     0 | D:1      | kae the Demigod Fire Elementalist began the quest for the
                  | Orb.
     0 | D:1      | Reached XP level 1. HP: 14/14 MP: 5/5
    26 | D:1      | Reached skill level 1 in Conjurations
   473 | D:1      | Reached XP level 2. HP: 20/20 MP: 5/7
   805 | D:1      | Reached skill level 3 in Fire Magic
  1468 | D:2      | Reached XP level 3. HP: 24/26 MP: 5/9
  2495 | D:2      | Noticed Ijyb
  2507 | D:2      | Gained mutation: You have a somewhat thin skeletal
                  | structure. (Dex +2, Stealth+) [potion of mutation]
  2507 | D:2      | Gained mutation: You have a considerably increased
                  | reservoir of magic. (+20% MP) [potion of mutation]
  2578 | D:2      | Killed Ijyb
  2579 | D:2      | Reached XP level 4. HP: 7/33 MP: 8/11
  3312 | D:3      | Learned a level 2 spell: Scorch
  3316 | D:3      | Learned a level 3 spell: Conjure Flame
  3554 | D:3      | Noticed Jessica
  3559 | D:3      | Killed Jessica
  3720 | D:3      | Noticed Terence
  3782 | D:3      | Noticed a water moccasin
  4472 | D:4      | Reached XP level 5. HP: 38/38 MP: 7/13
  4870 | D:4      | Reached skill level 4 in Fire Magic
  4954 | D:4      | Reached skill level 1 in Shields
  5638 | D:5      | Entered Level 5 of the Dungeon
  5669 | D:5      | Found Coireon's Jewellery Emporium.
  5702 | D:5      | Reached XP level 6. HP: 34/45 MP: 6/15
  5966 | D:5      | Reached XP level 7. HP: 50/50 MP: 5/17
  6133 | D:5      | Reached skill level 5 in Fire Magic
  6853 | D:6      | Found Ytwyirgh's Antique Armour Shoppe.
  7068 | D:6      | Found a runed translucent door.
  7069 | D:6      | Noticed Crazy Yiuf
  7404 | D:6      | Learned a level 3 spell: Inner Flame
  7409 | D:6      | Learned a level 4 spell: Flame Wave
  7467 | D:7      | Noticed a steam dragon
  7498 | D:7      | Reached skill level 5 in Conjurations
  7498 | D:7      | Reached XP level 8. HP: 47/57 MP: 17/20
  7612 | D:7      | Reached skill level 5 in Spellcasting
  7833 | D:7      | Noticed Prince Ribbit
  7844 | D:6      | Reached skill level 6 in Fire Magic
  7974 | D:7      | Killed Prince Ribbit
  8349 | D:7      | HP: 2/57 [spore (37)]
  8349 | D:7      | Engulfed by a cloud of flame

Illustrated notes

Levels and vault maps discovered:
D:1:      lemuel_arrival_rhombus, layout_loops_cross,
          shapermc_ecumenical_altar_notcrosses, minivault_25
D:2:      kennysheep_the_goblin_king, layout_basic
D:3:      layout_basic, grunt_temple_overflow_diamond, minmay_misc_feat_tower,
          uniq_terence, uniq_jessica
D:4:      layout_cave_pods, mainiacjoe_overflow_24_doors,
          okawaru_metal_pillars_1_2, palyth_stone_intersect
D:5:      layout_cave_pools, nicolae_ru_path_of_blood,
          mainiacjoe_overflow_cross_hatched, nicolae_take_the_stairs
D:6:      layout_basic, grunt_temple_overflow_open, serial_shops, shop,
          uniq_crazy_yiuf_cottage
D:7:      layout_cave_pools, minmay_temple_entry_enclosed_plants,
          ebering_ghost_rock_garden, uniq_prince_ribbit1

Skill      XL: |  1  2  3  4  5  6  7  8 |
---------------+-------------------------+-----
Conjurations   | 1 2 3 5 |  5.7
Spellcasting   | 2 3 4 5 |  5.5
Fire Magic     | 3 4 5 6 |  6.3
Shields        | 1 2 |  2.0
Dodging        | |  1.7
Stealth        | |  1.7

Action                   |  1- 3 |  4- 6 |  7- 9 || total
-------------------------+-------+-------+-------++-------
Melee: Unarmed           |     2 |       |       ||     2
       Short sword       |    11 |       |     1 ||    12
 Cast: Foxfire           |    89 |    95 |    63 ||   247
       Scorch            |       |    11 |    13 ||    24
       Conjure Flame     |       |       |     1 ||     1
       Inner Flame       |       |       |     3 ||     3
       Flame Wave        |       |       |     1 ||     1
  Use: Scroll            |     5 |     4 |     7 ||    16
       Potion            |     3 |       |       ||     3
 Stab: Sleeping          |     1 |       |       ||     1
Armor: Robe              |    10 |     5 |    13 ||    28
Dodge: Dodged            |    25 |    13 |    26 ||    64
       Repelled          |     2 |     1 |       ||     3
Block: Buckler           |       |     2 |     7 ||     9
       Reflection        |       |       |     2 ||     2

Table legend: (Time is in decaauts)
 A = Elapsed time spent in this place.
 B = Non-inter-level travel time spent in this place.
 C = Inter-level travel time spent in this place.
 D = Time resting spent in this place.
 E = Time spent auto-exploring this place.
 F = Levels seen in this place.
 G = Mean time per level.
                   A        B        C        D        E       F      G
               +--------+--------+--------+--------+--------+-----+--------+
         Total |   8360 |   7971 |    389 |    807 |   6056 |   7 | 1194.3 |
       Dungeon |   8360 |   7971 |    389 |    807 |   6056 |   7 | 1194.3 |
               +--------+--------+--------+--------+--------+-----+--------+

Top non-repeatable levels by time:
     D:2: 1817 daAuts
     D:3: 1445 daAuts
     D:6: 1391 daAuts
     D:1: 1189 daAuts
     D:4: 1188 daAuts
     D:5: 905 daAuts
     D:7: 421 daAuts
